 Dungeon Crawl Stone Soup version 0.32-a0-361-g289a535 (webtiles) character file.

Game seed: 6384626314312434296

97 Nithhogg the Covered (level 4, 0/40 HPs)
             Began as a Mountain Dwarf Fighter on Feb 18, 2024.
             Slain by a goblin
             ... wielding a +0 dagger
             ... led by Robin
              (4 damage)
             ... on level 2 of the Dungeon.
             The game lasted 00:02:55 (1546 turns).

Nithhogg the Covered (Mountain Dwarf Fighter)       Turns: 1546, Time: 00:02:56

Health: 0/40       AC:  0    Str: 21    XL:     4   Next: 42%
Magic:  6/6        EV: 17    Int:  8    God:
Gold:   110        SH:  0    Dex: 14    Spells: 3/3 levels left

rFire   . . .        a - melded +0 war axe
rCold   . . .        (shield currently unavailable)
rNeg    . . .        b - melded +0 scale mail
rPois   .            (helmet currently unavailable)
rElec   .            (cloak currently unavailable)
rCorr   .            (gloves currently unavailable)
SInv    .            (boots currently unavailable)
Will    .....        (no amulet)
Stlth   +            (ring currently unavailable)
HPRegen 0.26/turn    (ring currently unavailable)
MPRegen 0.10/turn

%: no passive effects
@: about to teleport, bat-form, flying, very quick
A: fast, flying, no casting, tiny, runic magic, artefact enchanting
a: no special abilities


You were on level 2 of the Dungeon.
You were a bat.
You visited 1 branch of the dungeon, and saw 2 of its levels.

You collected 110 gold pieces.

Inventory:

Hand Weapons
 a - a +0 war axe (melded)
Armour
 b - a +0 scale mail (melded)
 c - a +0 buckler
Scrolls
 h - a scroll of immolation
Potions
 d - 2 potions of might
 f - a potion of magic {unknown}
 g - a potion of berserk rage {unknown}


   Skills:
 + Level 3.9 Fighting
 + Level 3.3 Axes
 + Level 3.9 Armour
 - Level 3.2 Shields
 * Level 3.4 Invocations


You had 3 spell levels left.
You didn't know any spells.
Your spell library contained the following spells:

 Spells                   Type           Power      Damage    Failure   Level
 Hailstorm                Conj/Ice       0%         3d5       78%         3
 Summon Ice Beast         Ice/Summ       0%         N/A       78%         3
 Sculpt Simulacrum        Ice/Alch       0%         N/A       100%        6


Dungeon Overview and Level Annotations

Branches:
Dungeon (2/15)

Altars:

Annotations:
D:2 Robin


Innate Abilities, Weirdness & Mutations

You are a bat.
You are tiny and dextrous.
You move quickly.
You are flying.
Your equipment is almost entirely melded.
You are incapable of wielding weapons or throwing items.
You cannot cast spells.
Your spellcasting is much less encumbered by armour.
You can use scrolls of enchantment on lesser artefacts.


Message History

You kill the goblin!
The goblin unwields a +0 dagger.
The goblin wields a +0 sling.
The goblin shoots a sling bullet.
The sling bullet hits you.
The goblin unwields a +0 sling.
The goblin wields a +0 dagger.
The goblin hits you with a +0 dagger.
Items here: )) †††.
You are too injured to fight recklessly!
You are too injured to fight recklessly!
You miss the goblin. Robin throws the goblin at you!
The goblin hits you with a +0 club. The goblin hits you with a +0 dagger.
The goblin barely misses you.
You closely miss the goblin. You hit the goblin. The goblin barely misses you.
The goblin hits you with a +0 club. The goblin attacks as it pursues you!
The goblin misses you. The goblin hits you with a +0 dagger.
* * * LOW HITPOINT WARNING * * *
You barely miss Robin. You barely miss the goblin. You slash the goblin!
You kill the goblin!
Robin zaps a wand.
You turn into a bat.
Your +0 war axe melds into your body.
Your +0 scale mail melds into your body.
The goblin barely misses you.
You hit Robin.
Robin is lightly wounded.
Robin throws the goblin at you!
* * * LOW HITPOINT WARNING * * *
The goblin barely misses you. The goblin misses you.
You hit Robin.
Robin is moderately wounded.
The goblin no longer looks unusually strong. x2
Robin roars a battlecry!
The goblins go into a battle-frenzy!
The goblin hits you with a +0 dagger.
* * * LOW HITPOINT WARNING * * *
The goblin hits you with a +0 club.
* * * LOW HITPOINT WARNING * * *
As you read the scroll of teleportation, it crumbles to dust.
You feel strangely unstable.
Robin says, "Duck!"
Robin closely misses you. The goblin hits you with a +0 dagger.
You die...

.....#.# #..# #
.###...#
###########..# .#
#####
#............#####
.#
#.###.............
.# #.#
##............ .#
#)# #.##.##......
.#
#.####.##.##......
.#
#gg...............
.#
#b####.##.##......
.# #g#
#.##.##...... .#
#.. .............
.# #..#
####.##..)... .#
...# #.##..#### .#
.... ..##..#### .#
.#.# ####......
.####### .. .#
............
........
######..#.##


You could see Robin and 2 goblins.

Vanquished Creatures
  A dart slug (D:1)
  A ribbon worm (D:2)
  5 bats
  4 endoplasms (D:1)
  A giant cockroach (D:1)
  10 goblins
  5 hobgoblins
  4 quokkas
  7 ball pythons
  4 frilled lizards
  5 kobolds
  3 rats
50 creatures vanquished.

Notes
Turn   | Place    | Note
-------+----------+-------------------------------------------
     0 | D:1      | Nithhogg the Mountain Dwarf Fighter began the quest for the
                  | Orb.
     0 | D:1      | Reached XP level 1. HP: 19/19 MP: 1/1
    89 | D:1      | Reached skill level 1 in Invocations
    94 | D:1      | Reached XP level 2. HP: 26/26 MP: 1/3
   328 | D:1      | Reached XP level 3. HP: 24/31 MP: 4/4
  1397 | D:2      | Reached XP level 4. HP: 37/40 MP: 6/6
  1525 | D:2      | Noticed Robin
  1546 | D:2      | Slain by a goblin

Illustrated notes

Levels and vault maps discovered:
D:1:      minmay_arrival_open_corners, layout_basic, roderic_lattice_a
D:2:      layout_loops_ring, uniq_robin

Skill      XL: |  1  2  3 |
---------------+----------+-----
Invocations    | 1 2 3 |  3.4
Axes           | 3 |  3.3
Fighting       | |  3.9
Armour         | |  3.9
Shields        | |  3.2

Action                     |  1- 3 |  4- 6 || total
---------------------------+-------+-------++-------
  Melee: War axe           |   101 |    25 ||   126
         Unarmed           |       |     2 ||     2
    Use: Scroll            |     3 |     1 ||     4
 Armour: Scale mail        |    86 |    37 ||   123
         Skin              |       |     4 ||     4
  Dodge: Dodged            |    60 |    22 ||    82

Table legend: (Time is in decaauts)
 A = Elapsed time spent in this place.
 B = Non-inter-level travel time spent in this place.
 C = Inter-level travel time spent in this place.
 D = Time resting spent in this place.
 E = Time spent auto-exploring this place.
 F = Levels seen in this place.
 G = Mean time per level.
                   A        B        C        D        E       F      G
               +--------+--------+--------+--------+--------+-----+--------+
         Total |   1590 |   1552 |     38 |      0 |   1246 |   2 |  795.0 |
       Dungeon |   1590 |   1552 |     38 |      0 |   1246 |   2 |  795.0 |
               +--------+--------+--------+--------+--------+-----+--------+

Top non-repeatable levels by time:
     D:1: 1254 daAuts
     D:2: 336 daAuts
